AoeStats
← yt536390

Arabia

510515936Analyzed
1v1 RM · 1d ago on Oct 1, 2026· 34m 54s· 2 players
Game mode
Random Map
Map size
Tiny (2 player)
Population
200
Speed
Normal
Resources
Standard
Victory
Conquest
Starting age
Dark Age
Ending age
Imperial Age
RankedLock teamsTeams togetherTeam positionsShared explorationLock speedFull tech treeHidden civsTurbo modeCheats
Victory
Defeat
🇨🇳 Teutons · China
1766
+21
🇨🇳 Bengalis · China
1873
-21
suki
5:51 Loom
8:23 Feudal Age
9:15 Double-Bit Axe
17:00 Castle Age
15:50 Fletching
17:10 Crossbowman
17:45 Bodkin Arrow
19:07 Bow Saw
19:07 Town Watch
21:31 Horse Collar
28:12 Wheelbarrow
30:17 Imperial Age
27:58 Gold Mining
28:15 Heavy Plow
29:50 Padded Archer Armor
30:22 Ballistics
30:20 Arbalester
31:01 Bracer
31:07 Bracer
32:40 Chemistry
33:03 Pikeman
33:44 Squires
yt536390
5:17 Loom
8:24 Feudal Age
10:00 Double-Bit Axe
9:56 Horse Collar
17:23 Castle Age
15:52 Gold Mining
17:35 Wheelbarrow
17:01 Fletching
17:32 Elite Skirmisher
18:48 Bow Saw
18:52 Bodkin Arrow
27:30 Hand Cart
27:14 Stone Mining
31:39 Imperial Age
29:34 Scale Barding Armor
29:52 Forging
29:55 Bloodlines
30:50 Chain Barding Armor
32:57 Plate Barding Armor
32:24 Cavalier
35:31 Padded Archer Armor
Connection lost

Rejoining the realm…

Still unreachable

The connection could not be restored.

Session expired

The server has moved on; the page needs a fresh start.